 Dungeon Crawl Stone Soup version 0.20.2-3-g29329e0561 (webtiles) character file.

2800 Alfie the Slicer (level 9, 0/78 HPs)
             Began as a Hill Orc Fighter on Jan 24, 2023.
             Slain by an orc warrior
             ... wielding a +0 flail
              (10 damage)
             ... on level 8 of the Dungeon.
             The game lasted 00:19:03 (5794 turns).

Alfie the Slicer (Hill Orc Fighter)                 Turns: 5794, Time: 00:19:03

Health: 0/78       AC: 10    Str: 22    XL:     9   Next: 71%
Magic:  9/9        EV:  9    Int:  8    God:
Gold:   435        SH: 12    Dex: 10    Spells: 8/8 levels left

rFire    . . .     SeeInvis .   a - +1 rapier
rCold    . . .     Gourm    .   c - +1 shield
rNeg     . . .     Faith    .   b - +1 scale mail
rPois    .         Spirit   .   (no helmet)
rElec    .         Reflect  .   (no cloak)
rCorr    .         Harm     .   A - +0 pair of gloves
MR       .....                  (no boots)
Stlth    ..........             (no amulet)
Regen    0.3/turn               (no ring)
MPRegen  0.2/turn               (no ring)

@: no status effects
A: no striking features
a: no special abilities


You were on level 8 of the Dungeon.
You were not hungry.

You visited 2 branches of the dungeon, and saw 9 of its levels.
You also visited: Sewer.

You collected 435 gold pieces.

Inventory:

Hand Weapons
 a - a +1 rapier (weapon)
Missiles
 r - 8 tomahawks (quivered)
 t - 5 tomahawks of returning
Armour
 b - a +1 scale mail (worn)
 c - a +1 shield (worn)
 A - a +0 pair of gloves (worn)
Jewellery
 e - an uncursed amulet of the gourmand
Wands
 w - a wand of confusion (12/48)
 z - a wand of random effects (41/48)
 D - a wand of lightning (14/15)
 G - a wand of paralysis (11/24)
Scrolls
 g - 2 scrolls of magic mapping
 k - 2 scrolls of remove curse
 q - a scroll of fear
 u - a scroll of teleportation
 v - 2 scrolls of recharging
 H - a scroll of brand weapon {unknown}
Potions
 d - 2 potions of flight {unknown}
 h - a potion of cancellation
 i - 3 potions of curing
 j - 2 potions of heal wounds
 l - 3 potions of brilliance
 m - a potion of mutation {unknown}
 n - a potion of magic {unknown}
 p - a potion of berserk rage {unknown}
 s - a potion of ambrosia
Books
 x - a book of Cantrips

   Spells                             Type                      Level
   a - Confusing Touch                Hexes                        1
   b - Animate Skeleton               Necromancy                   1
   c - Summon Small Mammal            Summoning                    1
   d - Apportation                    Translocation                1
 B - a book of Maledictions

   Spells                             Type                      Level
   a - Corona                         Hexes                        1
   b - Ensorcelled Hibernation        Hexes/Ice                    2
   c - Confuse                        Hexes                        3
   d - Tukima's Dance                 Hexes                        3
   e - Dazzling Spray                 Conjuration/Hexes            3
Comestibles
 f - 2 bread rations
 o - 4 meat rations
 E - a royal jelly
 F - 7 fruits


   Skills:
 + Level 6.4 Fighting
 + Level 8.2 Short Blades
 + Level 1.6 Throwing
 + Level 6.5 Armour
 + Level 2.9 Dodging
 + Level 0.5 Stealth
 + Level 7.6 Shields


You had 8 spell levels left.
You didn't know any spells.

Dungeon Overview and Level Annotations

Branches:
Dungeon (8/15)             Temple (0/1) D:7            Lair (1/6) D:8

Altars:

Shops:
D:4 =


Message History

You barely miss the orc priest.
The orc priest is severely wounded.
The orc priest misses you. The orc barely misses you.
You hit the orc priest.
You kill the orc priest!
There is a staircase to the Lair, spattered with blood here.
You see here a hand axe.
There is a staircase to the Lair, spattered with blood here.
You see here a hand axe.
You block the orc's attack.
The orc warrior hits you but does no damage.
You see here a wolf corpse.
You puncture the orc!
You kill the orc!
You block the orc warrior's attack.
You see here an orc corpse.
You see here a leather armour.
You block the orc warrior's attack. The orc warrior hits you with a flail!
You die...

#.........#.#
#......?....##
#.......†#...##
#........#.#..#
#........#...>#
#........##.#†#
#........##..†#
#........###..#####
#....)...##...#.@.#
.............[#o#.#
............#.#
............#.#
.#########..#.#
####.>#.# #.....#.#
#.###.#.# # #.#


You could see an orc warrior.

Vanquished Creatures
  The ghost of Alfie the Shield-Bearer, a novice HOFi (D:5)
  Grinder (D:5)
  Sigmund (D:3)
  The ghost of Alfie the Skirmisher, an amateur HOFi (Sewer)
  Duvessa (D:4)
  2 ice beasts
  2 ogres (D:4)
  2 wolves (D:8)
  3 centaurs
  A big kobold (Sewer)
  Dowan (D:4)
  3 scorpions
  A killer bee (D:7)
  5 howler monkeys
  4 crimson imps
  A centaur zombie (D:3)
  2 hounds
  2 orc priests
  An orc wizard (D:2)
  An iguana (D:6)
  A worker ant (D:7)
  A hound skeleton (D:4)
  A gnoll (D:1)
  2 river rats
  11 adders
  A shadow imp (D:5)
  3 oozes
  2 adder skeletons
  A worm (D:3)
  2 dart slugs
  3 leopard geckos
  13 orcs
  2 ball pythons (D:5)
  8 giant cockroaches
  9 goblins
  7 hobgoblins
  10 jackals
  6 kobolds
  2 quokkas
  5 bats
  6 frilled lizards
  2 giant cockroach zombies
  A jackal zombie (D:3)
  A leopard gecko zombie (D:3)
  4 quokka skeletons
  A quokka zombie (D:3)
  13 rats
154 creatures vanquished.

Notes
Turn   | Place    | Note
-------+----------+-------------------------------------------
     0 | D:1      | Alfie the Hill Orc Fighter began the quest for the Orb.
     0 | D:1      | Reached XP level 1. HP: 19/19 MP: 1/1
   224 | D:1      | Reached XP level 2. HP: 27/27 MP: 2/2
   707 | D:1      | Reached XP level 3. HP: 12/33 MP: 3/3
   893 | D:2      | Reached XP level 4. HP: 28/40 MP: 4/4
  1475 | D:2      | Reached skill level 3 in Short Blades
  1475 | D:2      | Reached XP level 5. HP: 46/46 MP: 5/5
  1529 | D:3      | Noticed Sigmund
  1546 | D:3      | Killed Sigmund
  1546 | D:3      | Reached skill level 4 in Short Blades
  1546 | D:3      | Reached skill level 1 in Dodging
  1546 | D:3      | Reached XP level 6. HP: 32/53 MP: 6/6
  2088 | D:4      | Noticed Duvessa
  2089 | D:4      | Noticed Dowan
  2106 | D:4      | Killed Duvessa
  2106 | D:4      | Reached skill level 5 in Shields
  2106 | D:4      | Reached XP level 7. HP: 50/60 MP: 7/7
  2128 | D:4      | Killed Dowan
  2185 | D:4      | Reached skill level 5 in Short Blades
  2571 | D:4      | Reached skill level 5 in Fighting
  2592 | D:4      | Reached skill level 5 in Armour
  2643 | D:4      | Found Tonuzamn's Jewellery Shop.
  2910 | D:5      | Entered Level 5 of the Dungeon
  2954 | D:5      | Reached XP level 8. HP: 64/68 MP: 8/8
  2964 | D:5      | Noticed Alfie's ghost (novice HOFi)
  2971 | D:5      | Reached skill level 6 in Short Blades
  3014 | D:5      | Killed Alfie's ghost
  3014 | D:5      | Reached skill level 1 in Throwing
  3154 | D:5      | Found a glowing drain.
  3173 | Sewer    | Entered a sewer
  3220 | Sewer    | Noticed Alfie's ghost (amateur HOFi)
  3265 | Sewer    | Killed Alfie's ghost
  3553 | Sewer    | Reached skill level 7 in Short Blades
  3592 | Sewer    | Found a white marble altar of Elyvilon.
  3750 | D:5      | Noticed Grinder
  3786 | D:5      | Killed Grinder
  3786 | D:5      | Reached XP level 9. HP: 29/75 MP: 9/9
  5199 | D:7      | Found a staircase to the Ecumenical Temple.
  5422 | D:7      | Reached skill level 8 in Short Blades
  5675 | D:8      | Found a staircase to the Lair.
  5750 | Lair:1   | Entered Level 1 of the Lair of Beasts
  5794 | D:8      | Slain by an orc warrior

Skill      XL: |  1  2  3  4  5  6  7  8  9 |
---------------+----------------------------+-----
Fighting       | 4 5 6 |  6.4
Shields        | 4 5 6 7 |  7.6
Armour         | 4 5 6 |  6.5
Short Blades   | 3 4 5 7 8 |  8.2
Dodging        | 1 2 |  2.9
Throwing       | 1 |  1.6
Stealth        | |  0.5

Action                   |  1- 3 |  4- 6 |  7- 9 || total
-------------------------+-------+-------+-------++-------
Melee: Rapier            |    93 |   196 |   534 ||   823
Throw: Tomahawk          |       |     4 |    18 ||    22
  Use: Potion            |       |     2 |     6 ||     8
       Scroll            |       |     5 |    11 ||    16
  Eat: Bread ration      |       |     1 |     3 ||     4
Armor: Scale mail        |    29 |    70 |   142 ||   241
Dodge: Dodged            |    27 |    58 |   119 ||   204
Block: Shield            |    53 |   104 |   293 ||   450
